 Dungeon Crawl Stone Soup version 0.22.1-1-ga44c0e56f4 (webtiles) character file.

541 Drachen the Insei (level 7, -1/52 HPs)
             Began as a White Draconian Transmuter on Oct 23, 2018.
             Was an Initiate of Hepliaklqana.
             Slain by a scorpion (3 damage)
             ... on level 5 of the Dungeon.
             The game lasted 00:11:38 (4750 turns).

Drachen the Insei (White Draconian Transmuter)      Turns: 4750, Time: 00:11:38

Health: -1/52      AC:  7    Str: 12    XL:     7   Next: 5%
Magic:  10/10      EV: 13    Int: 14    God:    Hepliaklqana [......]
Gold:   286        SH:  0    Dex: 13    Spells: 0/10 levels left

rFire    . . .     SeeInvis .     - Unarmed
rCold    + . .     Gourm    .   (no shield)
rNeg     . . .     Faith    .   (armour unavailable)
rPois    .         Spirit   .   (helmet restricted)
rElec    .         Reflect  .   n - scarf {repulsion}
rCorr    .         Harm     .   (no gloves)
MR       .....                  o - +0 pair of boots
Stlth    +.........             (no amulet)
HPRegen  0.17/turn              (no ring)
MPRegen  0.12/turn              (no ring)

@: lethally poisoned (-1 -> -11), appendage, repel missiles
A: breathe frost, unfitting armour, reduced essence, horns 2, cold resistance 1,
cold-blooded, AC +6
a: Breathe Frost, End Transformation, Recall Ancestor, Ancestor Identity,
Renounce Religion


You were on level 5 of the Dungeon.
You worshipped Hepliaklqana.
Hepliaklqana was noncommittal.
You were not hungry.
You had grown temporary horns.
You visited 1 branch of the dungeon, and saw 5 of its levels.

You collected 286 gold pieces.

Inventory:

Missiles
 a - 59 arrows
 e - 7 javelins (quivered)
 q - 9 tomahawks
Armour
 n - a scarf of repulsion (worn)
 o - a +0 pair of boots (worn)
Jewellery
 s - an uncursed amulet of regeneration {unknown}
Wands
 v - a wand of scattershot (5)
Scrolls
 b - 3 scrolls of magic mapping
 f - 5 scrolls of identify
 g - 2 scrolls of blinking
 h - a scroll of teleportation
 i - a scroll of enchant armour {unknown}
 m - 2 scrolls of enchant weapon {unknown}
 p - a scroll of immolation {unknown}
 r - 2 scrolls of remove curse {unknown}
 u - a scroll of fear {unknown}
Potions
 d - a potion of brilliance {unknown}
 j - a potion of heal wounds
 k - a potion of might {unknown}
 l - a potion of flight
Comestibles
 c - 10 rations


   Skills:
 + Level 3.8 Fighting
 + Level 3.5 Dodging
 + Level 4.5 Unarmed Combat
 - Level 2.0 Spellcasting
 + Level 3.8 Transmutations
 + Level 0.2 Ice Magic
 - Level 2.4 Poison Magic


You couldn't memorise any spells.
You knew the following spells:

 Your Spells              Type           Power        Failure   Level  Hunger
a - Beastly Appendage     Tmut           ##....       4%          1    ##.....
b - Sticks to Snakes      Tmut           ##......     8%          2    ###....
c - Spider Form           Tmut/Pois      ##........   19%         3    ####...
d - Ice Form              Ice/Tmut       #.......     71%         4    #####..

Your spell library contained the following spells:

 Spells                   Type           Power        Failure   Level  Hunger
 Blade Hands              Tmut           ##........   80%         5    ######.


Dungeon Overview and Level Annotations

Branches:
Dungeon (5/15)             Temple (0/1) D:4

Altars:
Cheibriados
Hepliaklqana
Xom


Innate Abilities, Weirdness & Mutations

You can breathe waves of freezing cold.
You can buffet flying creatures when you breathe cold.
Your icy white scales are hard. (AC +6)
You cannot fit into any form of body armour.
Your flesh is cold resistant. (rC+)
You are cold-blooded and may be slowed by cold attacks.
Your life essence is reduced to manifest your ancestor. (-10% HP)
You have a pair of horns on your head.


Message History

* * * LOW HITPOINT WARNING * * *
You feel sick.
The orc hits Elvthe with a short sword.
Elvthe hits the scorpion but does no damage.
The scorpion barely misses Elvthe.
You catch the helpless scorpion completely off-guard!
You hit the scorpion.
The scorpion is severely wounded.
* * * LOW HITPOINT WARNING * * *
You feel sick.
The orc closely misses Elvthe.
Elvthe hits the scorpion.
The scorpion stings Elvthe.
You hit the scorpion but do no damage.
You headbutt the scorpion, but do no damage.
The scorpion is almost dead.
* * * LOW HITPOINT WARNING * * *
You feel sick.
The crimson imp sputters.
The crimson imp hits Elvthe but does no damage.
The orc hits Elvthe but does no damage.
Elvthe hits the orc but does no damage.
The scorpion stings you.
You die...

########## ###
####........#### ####
#.######.@.######.....#
...## ##.#.<.###sR#
#.###### ###.###
#....####5o##.###
####..###...S.........#
.# ##.....##########..#
.# #.....# ##.# .#
#....## .# .# #....# .#
## #....# .


You could see the friendly Elvthe the ancestor, a scorpion, a crimson imp and an
orc.

Vanquished Creatures
  An orc priest (D:4)
  An orc wizard (D:4)
  2 worker ants (D:4)
  2 gnolls (D:4)
  7 adders
  An adder skeleton (D:5)
  12 dart slugs
  2 worms
  4 leopard geckos
  7 orcs
  3 bats
  3 giant cockroaches
  5 hobgoblins
  9 jackals
  2 ball pythons
  3 frilled lizards
  5 goblins
  5 kobolds
  A leopard gecko zombie (D:4)
  9 rats
84 creatures vanquished.

Vanquished Creatures (collateral kills)
  Grinder (D:5)
  Ijyb (D:5)
  A hound zombie (D:5)
  A gnoll (D:4)
  An adder (D:5)
  An orc (D:4)
6 creatures vanquished.

Grand Total: 90 creatures vanquished

Notes
Turn   | Place    | Note
-------+----------+-------------------------------------------
     0 | D:1      | Drachen the Draconian Transmuter began the quest for the
                  | Orb.
     0 | D:1      | Reached XP level 1. HP: 16/16 MP: 3/3
   458 | D:1      | Reached XP level 2. HP: 19/23 MP: 3/5
   467 | D:1      | Learned a level 2 spell: Sticks to Snakes
  1026 | D:1      | Reached XP level 3. HP: 24/29 MP: 4/6
  2142 | D:2      | Found a snail-covered altar of Cheibriados.
  2143 | D:2      | Found a shimmering altar of Xom.
  2303 | D:3      | Reached XP level 4. HP: 19/37 MP: 7/7
  2476 | D:3      | Learned a level 3 spell: Spider Form
  3396 | D:4      | Reached skill level 1 in Poison Magic
  3396 | D:4      | Reached XP level 5. HP: 15/42 MP: 6/8
  3801 | D:4      | Reached skill level 4 in Unarmed Combat
  4015 | D:4      | Found a hazy altar of Hepliaklqana.
  4018 | D:4      | Became a worshipper of Hepliaklqana the Forgotten
  4104 | D:4      | Reached XP level 6. HP: 30/45 MP: 6/9
  4238 | D:4      | Found a staircase to the Ecumenical Temple.
  4394 | D:5      | Entered Level 5 of the Dungeon
  4414 | D:5      | Noticed Ijyb
  4426 | D:5      | Killed Ijyb
  4628 | D:5      | Noticed Grinder
  4654 | D:5      | Killed Grinder
  4654 | D:5      | Your scales start taking on an icy white colour.
  4654 | D:5      | Reached XP level 7. HP: 30/52 MP: 5/10
  4654 | D:5      | Gained mutation: Your flesh is cold resistant. (rC+) [White
                  | Draconian growth]
  4662 | D:5      | Learned a level 4 spell: Ice Form
  4750 | D:5      | HP: 2/52 [poisoned by a scorpion]
  4750 | D:5      | Slain by a scorpion

Skill      XL: |  1  2  3  4  5  6 |
---------------+-------------------+-----
Dodging        | 2 3 |  3.5
Fighting       | 2 3 |  3.8
Transmutations | 3 |  3.8
Poison Magic   | 1 2 |  2.4
Unarmed Combat | 4 |  4.5
Spellcasting   | |  2.0
Ice Magic      | |  0.2

Action                   |  1- 3 |  4- 6 |  7- 9 || total
-------------------------+-------+-------+-------++-------
Melee: Unarmed           |   114 |   184 |    23 ||   321
       Tailslap          |    12 |    27 |     2 ||    41
       Kick              |     7 |     1 |       ||     8
       Headbutt          |     5 |    32 |     6 ||    43
       Punch             |       |     2 |     1 ||     3
 Cast: Beastly Appendage |    24 |    24 |     2 ||    50
       Sticks to Snakes  |       |     3 |       ||     3
Invok: Ancestor Identity |       |     1 |       ||     1
  Use: Potion            |     1 |     1 |       ||     2
       Scroll            |       |     7 |       ||     7
 Stab: Distracted        |       |       |     2 ||     2
  Eat: Chunk             |     4 |     9 |     1 ||    14
Armor: Skin              |    46 |    53 |     6 ||   105
Dodge: Dodged            |    84 |   128 |    14 ||   226
       Deflected         |       |     9 |       ||     9
